 Dungeon Crawl Stone Soup version 0.19.3-1-g3169bf9 (webtiles) character file.

3028 galech the Basher (level 9, -9/100 (101) HPs)
             Began as an Ogre Fighter on Jan 25, 2017.
             Was an Initiate of Makhleb.
             Killed from afar by an electric eel (10 damage)
             ... with a bolt of electricity
             ... on level 7 of the Dungeon.
             The game lasted 00:27:32 (11654 turns).

galech the Basher (Ogre Fighter)                   Turns: 11654, Time: 00:27:32

HP:   -9/100 (101)  AC:  4    Str: 26    XL:     9   Next: 85%
MP:   18/18         EV: 11    Int:  7    God:    Makhleb [......]
Gold: 450           SH:  9    Dex: 12    Spells: 0 memorised, 8 levels left

rFire  . . .     SeeInvis .     J - +0 morningstar
rCold  . . .     Gourm    .     b - +0 robe
rNeg   . . .     Faith    .     c - +0 shield
rPois  .         Spirit   .     (helmet restricted)
rElec  .         Reflect  .     y - +0 cloak
rCorr  .         Harm     .     (gloves unavailable)
MR     .....                    (boots unavailable)
Stlth  ++........               (no amulet)
                                g - ring of magical power
                                e - +3 ring of dexterity

@: no status effects
A: unfitting armour, tough skin 1
a: Renounce Religion


You were on level 7 of the Dungeon.
You worshipped Makhleb.
Makhleb was noncommittal.
You were hungry.

You visited 2 branches of the dungeon, and saw 8 of its levels.

You collected 450 gold pieces.

Inventory:

Hand Weapons
 a - a +0 flail
 u - a +2 dire flail of pain
 A - a +2 mace of protection
 E - a +0 giant spiked club
 J - a +0 morningstar (weapon)
Armour
 b - a +0 robe (worn)
 c - a +0 shield (worn)
 y - a +0 cloak (worn)
Jewellery
 e - a +3 ring of dexterity (left hand)
 g - a ring of magical power (right hand)
Wands
 i - a wand of enslavement (5/24)
 I - a wand of flame (19/48)
Scrolls
 l - 4 scrolls of fog
 m - 7 scrolls of remove curse
 r - 2 scrolls of amnesia
 s - 2 scrolls of random uselessness
 t - a scroll of immolation
 B - a scroll of magic mapping
 C - 2 scrolls of noise
 D - a scroll of enchant weapon {unknown}
 F - a scroll of holy word {unknown}
Potions
 d - 2 potions of might
 h - a potion of berserk rage {unknown}
 j - 2 potions of degeneration {unknown}
 k - 2 potions of resistance {unknown}
 o - 2 potions of brilliance {unknown}
 p - a potion of agility {unknown}
 w - 2 potions of haste {unknown}
 z - 2 potions of curing {unknown}
 G - a potion of invisibility {unknown}
Books
 x - a book of Misfortune

   Spells                             Type                      Level
   a - Confusing Touch                Hexes                        1
   b - Confuse                        Hexes                        3
   c - Gell's Gravitas                Hexes/Translocation          3
   d - Petrify                        Transmutation/Earth          4
   e - Metabolic Englaciation         Hexes/Ice                    5
   f - Yara's Violent Unravelling     Hexes/Transmutation          5
Comestibles
 f - 7 bread rations
 n - 2 meat rations
 q - a beef jerky
 v - a slice of pizza
 H - 4 fruits


   Skills:
 + Level 9.8 Fighting
 + Level 10.7 Maces & Flails
 + Level 7.2 Dodging
 - Level 1.4 Stealth
 - Level 3.8 Shields


You had 8 spell levels left.
You didn't know any spells.

Dungeon Overview and Level Annotations

Branches:
Dungeon (7/15)             Temple (1/1) D:7

Altars:
Ashenzari
Elyvilon
Gozag
Makhleb
Nemelex Xobeh
Okawaru
Ru
Yredelemnul
Zin
The Shining One

Shops:
D:5 [


Innate Abilities, Weirdness & Mutations

You are too large for most types of armour.
You have tough skin. (AC +1)


Message History

The electric eel shoots out a bolt of lightning at you!
The bolt of electricity hits you!
* * * LOW HITPOINT WARNING * * *
The electric eel shoots out a bolt of lightning at you!
The bolt of electricity hits you!
* * * LOW HITPOINT WARNING * * *
You hit the electric eel.
The electric eel is moderately wounded.
The electric eel shoots out a bolt of lightning at you!
The bolt of electricity misses you.
You barely miss the electric eel.
The electric eel is moderately wounded.
The electric eel shoots out a bolt of lightning at you!
The bolt of electricity hits you!
* * * LOW HITPOINT WARNING * * *
You hit the electric eel.
The electric eel is severely wounded.
The electric eel shoots out a bolt of lightning at you!
The bolt of electricity hits you!
You die...

.##...............'..............
.##........########......########
.........### #......# ....>....#
#......#
.........################# #
.........##≈≈≈≈≈≈≈≈≈≈### ##≈.
.....>...#≈≈≈≈≈≈≈≈≈≈≈≈≈## ##≈≈≈≈
#'#'#....##≈≈≈≈≈≈≈≈≈≈≈#.####.#
#...#.##.####≈≈≈@≈######....##
########.#≈≈≈≈≈≈;≈≈≈## #....#
########.#≈≈≈≈≈≈≈≈≈≈≈# #....#
#.....#.#######≈≈≈≈≈# #....#
#.....#.# .≈≈≈≈≈≈###''##
#.....#.# .≈≈≈≈≈≈≈≈##..#
#.....#.# ≈≈≈≈≈≈####'#####
##.....#.# ≈≈≈≈≈≈###....(≈≈##
.......#.# ##≈≈......≈.##


You could see an electric eel.

Vanquished Creatures
  A hippogriff (D:7)
  Edmund (D:4)
  2 ice beasts
  A black bear (D:7)
  2 orc warriors
  A phantom (D:7)
  A necrophage (D:7)
  2 ogres
  2 centaurs
  3 bullfrogs (D:6)
  A big kobold (D:5)
  A water moccasin zombie (D:5)
  2 scorpions
  2 howler monkeys (D:7)
  5 electric eels (D:7)
  4 crimson imps
  A centaur zombie (D:7)
  A quasit (D:6)
  2 hounds (D:7)
  3 orc priests
  2 centaur skeletons
  Terence (D:2)
  An iguana (D:7)
  6 orc wizards
  5 worker ants
  A killer bee zombie (D:7)
  A hound zombie (D:6)
  2 worker ant zombies
  4 gnolls
  8 adders
  A shadow imp (D:7)
  2 oozes
  6 worms
  3 dart slugs
  6 leopard geckos
  20 orcs
  5 bats
  4 giant cockroaches
  25 hobgoblins
  18 jackals
  9 kobolds
  5 quokkas
  A ball python (D:3)
  3 frilled lizards
  32 goblins
  A jackal skeleton (D:5)
  A quokka skeleton (D:5)
  3 rats
214 creatures vanquished.

Vanquished Creatures (others)
  2 plants (D:7)
2 creatures vanquished.

Grand Total: 216 creatures vanquished

Notes
Turn   | Place    | Note
-------+----------+-------------------------------------------
     0 | D:1      | galech the Ogre Fighter began the quest for the Orb.
     0 | D:1      | Reached XP level 1. HP: 24/24 MP: 1/1
   350 | D:1      | Reached XP level 2. HP: 20/32 MP: 2/2
   519 | D:1      | Reached skill level 3 in Maces & Flails
   743 | D:1      | Reached XP level 3. HP: 40/40 MP: 3/3
  1243 | D:2      | Found a white marble altar of Elyvilon.
  1243 | D:2      | Found a faded altar of an unknown god.
  1248 | D:2      | Found a faded altar of an unknown god.
  1250 | D:2      | Found a faded altar of an unknown god.
  1252 | D:2      | Found a faded altar of an unknown god.
  1630 | D:2      | Noticed Terence
  1637 | D:2      | Killed Terence
  1637 | D:2      | Reached XP level 4. HP: 38/49 MP: 4/4
  1777 | D:2      | Reached skill level 4 in Maces & Flails
  2468 | D:3      | Reached XP level 5. HP: 55/55 MP: 5/5
  3077 | D:4      | Reached skill level 1 in Stealth
  3111 | D:4      | Reached skill level 5 in Maces & Flails
  3417 | D:4      | Reached XP level 6. HP: 65/65 MP: 6/6
  3810 | D:4      | Reached skill level 6 in Maces & Flails
  3875 | D:4      | Found an opulent altar of Gozag.
  3875 | D:4      | Found a shattered altar of Ashenzari.
  3911 | D:4      | Noticed Edmund
  3930 | D:4      | Killed Edmund
  3930 | D:4      | Reached skill level 5 in Fighting
  4484 | D:5      | Entered Level 5 of the Dungeon
  4585 | D:5      | Found a sacrificial altar of Ru.
  4666 | D:5      | Reached XP level 7. HP: 71/72 MP: 7/7
  4689 | D:5      | Reached skill level 7 in Maces & Flails
  6130 | D:5      | Found Tuema's Armour Emporium.
  6229 | D:6      | Reached XP level 8. HP: 10/83 MP: 8/8
  6590 | D:5      | Reached skill level 8 in Maces & Flails
  7463 | D:5      | Reached skill level 5 in Dodging
  7923 | D:6      | Found a glowing silver altar of Zin.
  7995 | D:6      | Reached skill level 9 in Maces & Flails
  8663 | D:6      | Reached XP level 9. HP: 82/96 MP: 9/9
  9013 | D:6      | HP: 3/97 [orc warrior/morningstar (7)]
  9019 | D:6      | HP: 3/97 [orc warrior/morningstar (1)]
  9335 | D:6      | Reached skill level 10 in Maces & Flails
  9868 | D:7      | Found a staircase to the Ecumenical Temple.
  9878 | Temple   | Entered the Ecumenical Temple
  9906 | Temple   | Became a worshipper of Makhleb the Destroyer
 11651 | D:7      | HP: 4/100 [electric eel/bolt of electricity (12)]
 11653 | D:7      | HP: 1/100 [electric eel/bolt of electricity (4)]
 11654 | D:7      | Killed from afar by an electric eel

Skill      XL: |  1  2  3  4  5  6  7  8  9 |
---------------+----------------------------+-----
Dodging        | 3 4 5 7 |  7.2
Maces & Flails | 3 4 5 6 7 9 10 | 10.7
Shields        | 3 |  3.8
Stealth        | 1 |  1.4
Fighting       | 5 6 8 9 |  9.8

Action                   |  1- 3 |  4- 6 |  7- 9 || total
-------------------------+-------+-------+-------++-------
Melee: Flail             |   103 |    41 |       ||   144
       Mace              |       |   151 |   276 ||   427
       Giant spiked club |       |       |   129 ||   129
       Morningstar       |       |       |    99 ||    99
  Use: Scroll            |     1 |       |     6 ||     7
       Potion            |       |     1 |     1 ||     2
 Stab: Sleeping          |     1 |     1 |     3 ||     5
  Eat: Chunk             |     2 |    10 |    19 ||    31
       Fruit             |       |       |     2 ||     2
       Beef jerky        |       |       |     1 ||     1
Armor: Robe              |    30 |    56 |   164 ||   250
Dodge: Dodged            |    45 |    70 |   257 ||   372
Block: Shield            |    54 |    95 |   167 ||   316
